 Dungeon Crawl Stone Soup version 0.17-a0-1741-gd5e8965 (webtiles) character file.

9863 kae the Martial Artist (level 11, -10/75 HPs)
             Began as a Demonspawn Monk on Aug 31, 2015.
             Was an Elder of Qazlal.
             Mangled by a cyan ugly thing (11 damage)
             ... on level 10 of the Dungeon.
             The game lasted 00:29:50 (15070 turns).

kae the Martial Artist (Demonspawn Monk)           Turns: 15070, Time: 00:29:50

Health: -10/75     AC:  9    Str: 12    XL:     11   Next: 28%
Magic:  0/19       EV: 13    Int: 11    God:    Qazlal [****..]
Gold:   697        SH:  5    Dex: 19    Spells: 0 memorised, 10 levels left

rFire  + . .     SeeInvis .       - Unarmed
rCold  . . .     Clarity  .     a - +0 robe
rNeg   . . .     SustAt   .     (no shield)
rPois  +         Gourm    .     s - +0 helmet
rElec  .         Spirit   +     u - +0 cloak
rCorr  .         Warding  .     (no gloves)
rMut   .         Stasis   .     F - +2 pair of boots
MR     +....                    (no amulet)
Stlth  +.........               y - ring of protection from magic
                                m - ring of poison resistance

@: hasted, repel missiles, very quick, somewhat resistant to hostile
enchantments, very unstealthy
A: claws 2, slimy green scales 1, fire resistance 1, augmentation 1, magic
shield, magic regeneration
a: Upheaval, Elemental Force, Renounce Religion


You were on level 10 of the Dungeon.
You worshipped Qazlal.
Qazlal was greatly pleased with you.
You were not hungry.

You visited 1 branch of the dungeon, and saw 11 of its levels.

You collected 697 gold pieces.

Inventory:

Missiles
 C - 4 throwing nets (quivered)
Armour
 a - a +0 robe (worn)
 s - a +0 helmet (worn)
 u - a +0 cloak (worn)
 F - a +2 pair of boots (worn)
Jewellery
 f - an uncursed ring of protection from fire
 m - a ring of poison resistance (left claw)
 v - a +5 ring of intelligence
 y - a ring of protection from magic (right claw)
Magical devices
 j - a wand of enslavement (8)
 q - a wand of magic darts (8)
 r - a wand of disintegration (22)
 A - a wand of magic darts (6)
 D - a wand of teleportation (3)
Scrolls
 d - 4 scrolls of teleportation
 e - a scroll of fear
 g - 6 scrolls of identify
 h - 2 scrolls of enchant weapon
 l - 2 scrolls of fog
 n - 5 scrolls of remove curse
 x - 2 scrolls of magic mapping
 B - a scroll of recharging
Potions
 c - a potion of agility
 o - 2 potions of might
 p - a potion of heal wounds {unknown}
Books
 E - a book of Beasts

   Spells                             Type                      Level
   a - Summon Butterflies             Summoning                    1
   b - Call Canine Familiar           Summoning                    3
   c - Summon Ice Beast               Ice/Summoning                4
   d - Summon Mana Viper              Hexes/Summoning              5
   e - Summon Hydra                   Summoning                    7
Comestibles
 b - 7 bread rations
 i - 6 meat rations
 k - 4 beef jerkies
 t - 14 chunks of flesh
 z - 24 fruits


   Skills:
 - Level 3.0 Fighting
 - Level 2.6 Dodging
 - Level 1.7 Stealth
 - Level 14.0 Unarmed Combat
 + Level 11.5 Invocations


You had 10 spell levels left.
You didn't know any spells.

Dungeon Overview and Level Annotations

Branches:
Dungeon (11/15)            Temple (0/1) D:5             Orc (0/4) D:9
   Lair: D:8-11

Altars:
Ashenzari
Elyvilon
Fedhas
Gozag
Kikubaaqudgha
Nemelex Xobeh
Qazlal
Ru
Sif Muna
Trog
Xom
The Shining One

Shops:
D:4 *


Innate Abilities, Weirdness & Mutations

You have very sharp fingernails.
You are partially covered in slimy green scales (AC +2).
Your flesh is heat resistant.
Your magical and physical power is slightly enhanced at high health.
When hurt, damage is shared between your health and your magic reserves.
You regenerate magic rapidly.


Message History

You are too injured to fight recklessly!
Unknown command.
You scratch the yak.
You kill the yak!
Qazlal accepts your kill. The cyan ugly thing punches you.
* * * LOW HITPOINT WARNING * * *
The cyan ugly thing shocks you!
* * * LOW HITPOINT WARNING * * *
Unknown command.
Drink which item? (? for menu, Esc to quit)
Okay, then.
Read which item? (? for menu, Esc to quit)
Okay, then.
You see here a yak corpse.
Drink which item? (? for menu, Esc to quit)
You feel yourself speed up. The cyan ugly thing punches you!
* * * LOW HITPOINT WARNING * * *
The cyan ugly thing shocks you!
You die...

##'###### # #..# # ##.# #
########### #.# # #.........#
####'####### ### #...(.....#
###..........# #..
#..>......###.').........### #..
#.........##..#u.>.......'.####..
#.........##.##.@........#.......
#.........'..##.§.§.....<######..
#.........############'### ###
#.........# ###..# ## ######'####
#...## #. #.# ####'### #. #.#
#......# #. ##?# #......# #. #..#
#......# ###'


You could see a cyan ugly thing.

Vanquished Creatures
  An ugly thing (D:9)
  A cyclops (D:11)
  A troll (D:11)
  A two-headed ogre (D:10)
  A deep elf mage (D:10)
  A hippogriff (D:9)
  A yak (D:10)
  Grum (D:8)
  A basilisk (D:11)
  Menkaure (D:7)
  3 wolves (D:8)
  6 porcupines (D:11)
  2 soldier ants (D:10)
  4 orc warriors
  A black bear (D:9)
  A necrophage (D:10)
  4 phantoms
  A sky beast (D:9)
  An ice beast (D:6)
  7 ogres
  2 crocodiles (D:11)
  6 centaurs
  2 big kobolds
  A gnoll sergeant (D:9)
  9 giant frogs
  3 scorpions
  A water moccasin skeleton (D:7)
  8 killer bees
  An electric eel (D:6)
  7 wights
  4 giant frog zombies
  8 hounds
  5 crimson imps
  3 centaur zombies
  A giant frog skeleton (D:9)
  A gnoll shaman (D:8)
  14 orc priests
  A jelly (D:8)
  3 iguanas
  18 orc wizards
  5 worker ants
  A killer bee zombie (D:6)
  2 hound skeletons
  A worker ant zombie (D:9)
  22 gnolls
  5 river rats
  4 shadow imps
  13 adders
  2 adder zombies
  An ooze (D:2)
  4 giant geckos
  60 orcs
  8 giant cockroaches
  6 goblins
  5 hobgoblins
  7 quokkas
  4 ball pythons
  A ball python skeleton (D:5)
  3 bats
  9 giant newts
  6 jackals (D:8)
  15 kobolds
  16 rats
  A plant (D:10)
339 creatures vanquished.

Vanquished Creatures (others)
  A quokka (D:9)
  A fungus (D:11)
  6 plants
8 creatures vanquished.

Grand Total: 347 creatures vanquished

Notes
Turn   | Place    | Note
--------------------------------------------------------------
     0 | D:1      | kae the Demonspawn Monk began the quest for the Orb.
     0 | D:1      | Reached XP level 1. HP: 18/18 MP: 1/1
   229 | D:1      | Reached skill level 4 in Unarmed Combat
   413 | D:1      | Gained mutation: Your flesh is heat resistant. [demonic ancestry]
   413 | D:1      | Reached XP level 2. HP: 24/24 MP: 2/2
   972 | D:2      | Found an opulent altar of Gozag.
  1373 | D:2      | Reached XP level 3. HP: 29/29 MP: 3/3
  1488 | D:2      | Reached skill level 5 in Unarmed Combat
  1643 | D:2      | Gained mutation: You have sharp fingernails. [demonic ancestry]
  1643 | D:2      | Reached XP level 4. HP: 35/35 MP: 4/4
  2377 | D:3      | Found an ancient bone altar of Kikubaaqudgha.
  2378 | D:3      | Found a stormy altar of Qazlal.
  2379 | D:3      | Found a bloodstained altar of Trog.
  2389 | D:3      | Became a worshipper of Qazlal Stormbringer
  2389 | D:3      | Acquired Qazlal's first power
  2389 | D:3      | Acquired Qazlal's second power
  3027 | D:3      | Gained mutation: You have very sharp fingernails. [demonic ancestry]
  3027 | D:3      | Reached XP level 5. HP: 32/41 MP: 5/5
  3133 | D:3      | Found a shattered altar of Ashenzari.
  3309 | D:3      | Found a shimmering altar of Xom.
  3339 | D:4      | Found a blossoming altar of Fedhas.
  3568 | D:4      | Reached skill level 6 in Unarmed Combat
  3766 | D:4      | Found Ypsuts's General Store.
  4007 | D:5      | Entered Level 5 of the Dungeon
  4148 | D:5      | Noticed a phantom
  4164 | D:5      | Reached XP level 6. HP: 29/47 MP: 6/6
  4193 | D:5      | Killed a phantom
  4193 | D:5      | Reached skill level 7 in Unarmed Combat
  4692 | D:5      | Found a staircase to the Ecumenical Temple.
  4715 | D:5      | Noticed an ogre
  5149 | D:5      | Noticed a phantom
  5499 | D:5      | Noticed an ogre
  5505 | D:4      | Reached XP level 7. HP: 23/52 MP: 7/7
  6072 | D:4      | Killed a phantom
  6072 | D:4      | Reached skill level 8 in Unarmed Combat
  6404 | D:5      | Killed an ogre
  6446 | D:5      | Killed an ogre
  6745 | D:5      | Reached skill level 9 in Unarmed Combat
  6794 | D:5      | Reached skill level 1 in Invocations
  6794 | D:5      | Gained mutation: When hurt, damage is shared between your health and your magic reserves. [demonic ancestry]
  6794 | D:5      | Reached XP level 8. HP: 56/58 MP: 8/8
  7213 | D:5      | Acquired Qazlal's third power
  7319 | D:6      | Found a sacrificial altar of Ru.
  7867 | D:6      | Reached skill level 10 in Unarmed Combat
  8211 | D:6      | Reached skill level 5 in Invocations
  8628 | D:6      | Found a glowing golden altar of the Shining One.
  8654 | D:6      | Gained mutation: You regenerate magic rapidly. [demonic ancestry]
  8654 | D:6      | Reached XP level 9. HP: 63/63 MP: 13/13
  8780 | D:6      | Found an ancient bone altar of Kikubaaqudgha.
  9193 | D:7      | Noticed Menkaure
  9193 | D:7      | Killed Menkaure
  9247 | D:7      | Reached skill level 11 in Unarmed Combat
 10836 | D:8      | Reached skill level 12 in Unarmed Combat
 10839 | D:8      | Noticed Grum
 11170 | D:8      | Killed Grum
 11170 | D:8      | Gained mutation: You are partially covered in slimy green scales (AC +2). [demonic ancestry]
 11170 | D:8      | Reached XP level 10. HP: 70/70 MP: 11/16
 11996 | D:9      | Found a sparkling altar of Nemelex Xobeh.
 12038 | D:9      | HP: 1/70 [centaur/arrow (11)]
 12429 | D:9      | Found a white marble altar of Elyvilon.
 12603 | D:9      | Noticed a green ugly thing
 12608 | D:9      | Killed a green ugly thing
 12656 | D:9      | Found a deep blue altar of Sif Muna.
 12988 | D:9      | Reached skill level 13 in Unarmed Combat
 13022 | D:9      | Found a staircase to the Orcish Mines.
 13098 | D:9      | Reached skill level 10 in Invocations
 13662 | D:10     | Entered Level 10 of the Dungeon
 14096 | D:10     | Found a sparkling altar of Nemelex Xobeh.
 14480 | D:11     | Gained mutation: Your magical and physical power is slightly enhanced at high health. [demonic ancestry]
 14480 | D:11     | Reached XP level 11. HP: 68/75 MP: 17/19
 14668 | D:11     | Noticed a cyclops
 14867 | D:11     | Killed a cyclops
 14925 | D:11     | Acquired Qazlal's fourth power
 15012 | D:11     | Reached skill level 14 in Unarmed Combat
 15070 | D:10     | HP: 1/75 [cyan ugly thing (7)]
 15070 | D:10     | Mangled by a cyan ugly thing

Vault maps used:
D:1:      lightli_arrival_flooded_house
D:2:      first_bread, grunt_gozag_statues
D:3:      lemuel_coloured_pillars_altar, gammafunk_temple_overflow_forgotten,
          cheibrodos_ashenzari_chains
D:4:      lemuel_crystal_altar, serial_shops, kennysheep_mini_moat
D:5:      minmay_temple_entry_junction2
D:6:      nicolae_tso_carved_into_rock, nicolae_overflow_crystal_walls,
          portal_sewer_entry_e, basic_altar, lightli_minifort
D:7:      uniq_menkaure
D:8:      blue_anna_alchemist, uniq_grum
D:9:      wad_guarded_room, lemuel_crystal_altar,
          nemelex_xobeh_ov_fountains_minmay, elyvilon_altar_4, hiddenorc2_lemuel
D:10:     basic_altar, serial_undead, serial_undead_b, serial_undead_b,
          serial_undead_a, serial_undead_d
D:11:     minmay_lair_entry_grove

Action                   |  1- 3 |  4- 6 |  7- 9 | 10-12 || total
-------------------------+-------+-------+-------+-------++-------
Melee: Unarmed           |   126 |   209 |   403 |   369 ||  1107
Invok: Upheaval          |       |       |    16 |     8 ||    24
  Use: Scroll            |       |    10 |     9 |     5 ||    24
       Potion            |       |       |     3 |     1 ||     4
 Stab: Distracted        |     1 |       |       |       ||     1
       Sleeping          |     4 |     1 |       |       ||     5
  Eat: Chunk             |     2 |    10 |    14 |    13 ||    39
       Royal jelly       |       |     1 |       |       ||     1
       Bread ration      |       |       |     1 |       ||     1
